 Dungeon Crawl Stone Soup version 0.25-a0-310-g60f0ac2d9a (webtiles) character file.

Game seed: 15681880380280009957, levelgen mode: classic

725 Borgoz the Skirmisher (level 7, -4/62 HPs)
             Began as a Hill Orc Fighter on Dec 23, 2019.
             Slain by an ogre
             ... wielding a +0 giant club
              (16 damage)
             ... on level 5 of the Dungeon.
             The game lasted 00:05:41 (3698 turns).

Borgoz the Skirmisher (Hill Orc Fighter)            Turns: 3698, Time: 00:05:42

Health: -4/62      AC:  8    Str: 19    XL:     7   Next: 72%
Magic:  7/7        EV:  9    Int:  8    God:
Gold:   183        SH:  9    Dex: 12    Spells: 6/6 levels left

rFire    + . .     SeeInvis .   a - +0 war axe
rCold    . . .     Gourm    .   c - +0 shield
rNeg     . . .     Faith    .   h - +0 scale mail {rF+}
rPois    .         Spirit   .   o - +0 helmet
rElec    .         Reflect  .   (no cloak)
rCorr    +         Harm     .   (no gloves)
MR       .....                  (no boots)
Stlth    ..........             (no amulet)
HPRegen  0.20/turn              l - ring of resist corrosion
MPRegen  0.10/turn              (no ring)

@: no status effects
A: no striking features
a: no special abilities


You were on level 5 of the Dungeon.
You were not hungry.

You visited 2 branches of the dungeon, and saw 6 of its levels.

You collected 183 gold pieces.

Inventory:

Hand Weapons
 a - a +0 war axe (weapon)
Armour
 c - a +0 shield (worn)
 h - a +0 scale mail of fire resistance (worn)
 o - a +0 helmet (worn)
Jewellery
 l - a ring of resist corrosion (left hand)
Scrolls
 e - 2 scrolls of remove curse
 g - a scroll of fog {unknown}
 k - a scroll of enchant weapon {unknown}
 m - a scroll of immolation {unknown}
 p - a scroll of magic mapping {unknown}
Potions
 b - a potion of lignification {unknown}
 d - 2 potions of might
 j - a potion of curing
 n - a potion of magic
Comestibles
 f - 5 rations
 i - a chunk of flesh


   Skills:
 * Level 5.9 Fighting
 * Level 5.6 Axes
 * Level 5.3 Armour
 * Level 3.0 Dodging
 + Level 4.5 Shields


You had 6 spell levels left.
You didn't know any spells.
Your spell library was empty.

Dungeon Overview and Level Annotations

Branches:
Dungeon (5/15)             Temple (1/1) D:4

Altars:
Cheibriados
Dithmenos
Elyvilon
Fedhas
Gozag
Hepliaklqana
Kikubaaqudgha
Nemelex Xobeh
Okawaru
Qazlal
Ru
Trog
Uskayaw
Wu Jian
Zin
The Shining One

Annotations:
D:4 Eustachio


Message History

The orc hits you but does no damage. You block the orc's attack.
You closely miss the orc. x2; You hit the ogre.
The orc hits you but does no damage. You block the ogre's attack.
The orc hits you.
* * * LOW HITPOINT WARNING * * *
The orc hits you but does no damage.
Unknown command.
You slash the ogre!
The ogre is moderately wounded.
You barely miss the giant cockroach. You hit the orc. You closely miss the orc.
The orc hits you but does no damage. You block the ogre's attack.
You block the orc's attack. x2; The giant cockroach bites you.
* * * LOW HITPOINT WARNING * * *
You slash the ogre!
The ogre is severely wounded.
You completely miss the orc. You hit the orc.
You kill the orc!
You hit the giant cockroach. You block the giant cockroach's attack.
The orc closely misses you. The ogre hits you with a +0 giant club!
You die...

. .. ...##
......
......#
_......###
...w...<.#
.......o@#
...###.Os#
. #...#
#$..#
....#
.....#
.)....#
..%....#


You could see an ogre, a worm, an orc and a giant cockroach.

Vanquished Creatures
  Sigmund (D:2)
  Edmund (D:3)
  An orc priest (D:4)
  2 hounds (D:3)
  A bullfrog skeleton (D:4)
  Jessica (D:3)
  Natasha (twice) (D:3)
  An iguana (D:3)
  2 worker ants (D:4)
  Robin (D:3)
  4 gnolls (D:3)
  3 adders
  A shadow imp (D:3)
  2 oozes
  2 worms (D:2)
  4 dart slugs
  3 leopard geckos
  3 orcs
  3 ball pythons
  7 bats
  4 giant cockroaches
  15 goblins
  13 hobgoblins
  5 jackals
  3 quokkas (D:3)
  3 frilled lizards
  A jackal skeleton (D:4)
  6 kobolds
  3 rats
98 creatures vanquished.

Notes
Turn   | Place    | Note
-------+----------+-------------------------------------------
     0 | D:1      | Borgoz the Hill Orc Fighter began the quest for the Orb.
     0 | D:1      | Reached XP level 1. HP: 19/19 MP: 1/1
    69 | D:1      | Reached XP level 2. HP: 19/27 MP: 2/2
   739 | D:1      | Reached XP level 3. HP: 31/33 MP: 3/3
   953 | D:2      | Reached skill level 1 in Dodging
  1166 | D:2      | Reached XP level 4. HP: 40/40 MP: 4/4
  1304 | D:2      | Noticed Sigmund
  1335 | D:2      | Killed Sigmund
  1335 | D:2      | Reached XP level 5. HP: 6/47 MP: 5/5
  1616 | D:2      | Found a glowing silver altar of Zin.
  1616 | D:2      | Noticed an angel
  1836 | D:2      | Found a stormy altar of Qazlal.
  1964 | D:3      | Noticed Natasha
  1973 | D:3      | Killed Natasha
  1973 | D:3      | Reached XP level 6. HP: 53/55 MP: 6/6
  1995 | D:3      | Noticed Jessica
  2003 | D:3      | Killed Jessica
  2003 | D:3      | Reached skill level 5 in Fighting
  2426 | D:3      | Found an opulent altar of Gozag.
  2429 | D:3      | Noticed Robin
  2450 | D:3      | Killed Robin
  2570 | D:3      | Noticed Natasha
  2582 | D:3      | Killed Natasha
  2880 | D:3      | Reached XP level 7. HP: 49/61 MP: 7/7
  3009 | D:4      | Noticed Edmund
  3033 | D:3      | Reached skill level 5 in Axes
  3034 | D:3      | Killed Edmund
  3034 | D:3      | Reached skill level 5 in Armour
  3465 | D:4      | Found a staircase to the Ecumenical Temple.
  3505 | Temple   | Entered the Ecumenical Temple
  3644 | D:4      | Noticed Eustachio
  3692 | D:5      | Entered Level 5 of the Dungeon
  3692 | D:5      | Found a snail-covered altar of Cheibriados.
  3698 | D:5      | Slain by an ogre

Levels and vault maps discovered:
D:1:      psy_arrival_dodecagon, layout_basic
D:2:      layout_basic, zin_angel, overflow_temple_1_default, uniq_sigmund
D:3:      layout_loops_ring, nicolae_gozag_seed_capital, hex_medium,
          serial_bayou_pond_c, uniq_robin, uniq_jessica, uniq_natasha
D:4:      layout_rooms, minmay_temple_entry_drinking_statues,
          wad_floor_pattern_2, uniq_eustachio, uniq_edmund, uniq_purgy
D:5:      layout_layer_cave, slow_altar_1, gammafunk_ghost_mausoleum,
          first_ration
Temple:   minmay_temple_bridge_abc

Skill      XL: |  1  2  3  4  5  6  7 |
---------------+----------------------+-----
Axes           | 3 4 5 |  5.6
Fighting       | 4 5 |  5.9
Dodging        | 1 2 3 |  3.0
Armour         | 4 5 |  5.3
Shields        | 4 |  4.5

Action                   |  1- 3 |  4- 6 |  7- 9 || total
-------------------------+-------+-------+-------++-------
Melee: War axe           |   130 |   165 |    92 ||   387
  Use: Potion            |       |     4 |     2 ||     6
       Scroll            |       |     4 |       ||     4
  Eat: Chunk             |     1 |     6 |     3 ||    10
Armor: Scale mail        |    58 |    75 |    73 ||   206
Dodge: Dodged            |    40 |    65 |    73 ||   178
Block: Shield            |    66 |    96 |    81 ||   243

Table legend:
 A = Non-vault XP
 B = Vault XP
 C = Vault XP percentage of total XP
 D = Non-vault monster count
 E = Vault monster count
 F = Vault count percentage of total count
                 A         B        C        D         E       F
            +---------+---------+-------+---------+---------+-------
      Total |     555 |     482 |  46.5 |      83 |      15 |  15.3
            +---------+---------+-------+---------+---------+-------
        D:1 |      52 |       0 |   0.0 |      25 |       0 |   0.0
        D:2 |      56 |     208 |  78.8 |      18 |       1 |   5.3
        D:3 |     284 |     274 |  49.1 |      27 |      14 |  34.1
        D:4 |     160 |       0 |   0.0 |      12 |       0 |   0.0
        D:5 |       3 |       0 |   0.0 |       1 |       0 |   0.0
            +---------+---------+-------+---------+---------+-------
